 Dungeon Crawl Stone Soup version 0.30-a0-711-gf4ac18a38d (webtiles) character file.

Game seed: 9595172727140613114

567133 HoaS the Middleweight Champion (level 26, -30/266 HPs)
             Began as a Ghoul Gladiator on Jan 22, 2023.
             Was an Initiate of Gozag.
             Killed from afar by a yellow draconian annihilator (34 damage)
             ... with an iron shot
             ... led by Tiamat
             ... on level 3 of the Realm of Zot.
             The game lasted 02:02:52 (57636 turns).

HoaS the Middleweight Champion (Ghoul Gladiator)   Turns: 57636, Time: 02:02:53

Health: -30/266    AC: 45    Str: 30    XL:     26   Next: 84%
Magic:  0/22       EV: 25    Int: 13    God:    Gozag
Gold:   19735      SH:  0    Dex: 15    Spells: 25/25 levels left

rFire   + + .      SeeInvis +      - Unarmed
rCold   + + +      Faith    .    (no shield)
rNeg    + + +      Spirit   +    E - +12 gold dragon scales of Dawn {Fly rPois rF+ rC+ rCorr Int+8 Stlth-}
rPois   ∞          Reflect  .    V - +3 crown of Dyrovepreva {rElec Int+2 SInv}
rElec   +          Harm     .    t - +2 cloak
rCorr   +          Rampage  .    (no gloves)
Will    +....                    h - +2 pair of boots Stlth
                                 N - amulet of Cotsastri {Spirit rN++ Dex+5}
HPRegen 0.00/turn                P - +5 ring of evasion
MPRegen 0.18/turn                F - +5 ring of evasion

@: mighty, resistant, corroded, gold aura, flying, inhibited regen, studying
Stealth
A: claws 1, cold resistance 1, negative energy resistance 3, inhibited
regeneration, torment resistance 2, devour on kill
}: 3/15 runes: decaying, silver, gossamer
a: Renounce Religion, Potion Petition, Call Merchant, Bribe Branch


You were on level 3 of the Realm of Zot.
You worshipped Gozag.
Gozag was extremely pleased with you.
You visited 10 branches of the dungeon, and saw 46 of its levels.
You also visited: Trove, Sewer, Bailey, Ice Cave and Desolation.

You collected 33384 gold pieces.
You spent 4467 gold pieces at shops.
You paid 9182 gold pieces to Gozag.

Inventory:

Missiles
 a - 68 poisoned darts
 c - 5 throwing nets
 d - 18 javelins
 s - 10 atropa-tipped darts
 v - 29 boomerangs (quivered)
 C - 22 curare-tipped darts
 D - 3 silver boomerangs
 G - 5 datura-tipped darts
 Q - 3 silver javelins
Armour
 h - a +2 pair of boots (worn)
 t - a +2 cloak (worn)
 x - a +7 crystal plate armour
 E - the +12 gold dragon scales of Dawn (worn) {Fly rPois rF+ rC+ rCorr Int+8 Stlth-}
   (You bought it in a shop on level 5 of the Dungeon)

   Int:       It affects your intelligence (+8).
   rF:        It protects you from fire.
   rC:        It protects you from cold.
   rPois:     It protects you from poison.
   Fly:       It grants you flight.
   rCorr:     It protects you from acid and corrosion.
   Stlth:     It makes you less stealthy.
 V - the +3 crown of Dyrovepreva (worn) {rElec Int+2 SInv}
   (You found it on level 4 of the Depths)

   Int:       It affects your intelligence (+2).
   rElec:     It insulates you from electricity.
   SInv:      It lets you see invisible.
Jewellery
 b - a ring of flight
 e - a ring of willpower
 l - the ring of Uwnam {rF+ Str+3 SInv}
   (You found it in the Desolation of Salt)

   [ring of see invisible]

   Str:       It affects your strength (+3).
   rF:        It protects you from fire.
   SInv:      It lets you see invisible.
 z - a ring of ice
 B - the ring of the Seven Loafs {rElec rF+ Int+6 Dex+3}
   (You found it in the Desolation of Salt)

   [ring of intelligence]

   Int:       It affects your intelligence (+6).
   Dex:       It affects your dexterity (+3).
   rF:        It protects you from fire.
   rElec:     It insulates you from electricity.
 F - a +5 ring of evasion (right claw)
 I - an amulet of reflection
 M - a ring of protection from cold
 N - the amulet of Cotsastri (around neck) {Spirit rN++ Dex+5}
   (You bought it in a shop on level 2 of the Orcish Mines)

   [amulet of guardian spirit]

   It causes incoming damage to be divided between your reserves of health and
   magic.
   Dex:       It affects your dexterity (+5).
   rN:        It greatly protects you from negative energy.
 O - a ring of willpower
 P - a +5 ring of evasion (left claw)
 R - the ring of Voalifits {Wiz Will- Dex+2 Slay+2 SInv}
   (You found it on level 3 of the Realm of Zot)

   [ring of wizardry]

   It improves your spell success rate.
   Dex:       It affects your dexterity (+2).
   Slay:      It affects your accuracy & damage with ranged weapons and melee
   (+2).
   SInv:      It lets you see invisible.
   Will:      It decreases your willpower.
 S - a ring of protection from fire
 W - the amulet "Hero's Friend" {Spirit -Cast +Blink rC++ Slay+6}
   (You found it on level 5 of the Vaults)

   [amulet of guardian spirit]

   It causes incoming damage to be divided between your reserves of health and
   magic.
   Slay:      It affects your accuracy & damage with ranged weapons and melee
   (+6).
   rC:        It greatly protects you from cold.
   +Blink:    It lets you blink.
   -Cast:     It prevents spellcasting.
 Y - a ring of magical power
Wands
 K - a wand of digging (9)
Scrolls
 f - 25 scrolls of teleportation
 j - 18 scrolls of fog
 o - 7 scrolls of blinking
 p - 7 scrolls of torment
 q - 8 scrolls of magic mapping
 y - 9 scrolls of summoning
 J - 14 scrolls of poison
 L - 3 scrolls of silence
 U - 5 scrolls of fear
Potions
 g - 2 potions of haste
 i - 37 potions of curing
 k - 7 potions of ambrosia
 m - 4 potions of flight
 n - 2 potions of resistance
 r - 14 potions of heal wounds
 u - 7 potions of attraction
 w - 12 potions of might
 A - 5 potions of invisibility
 H - 12 potions of cancellation


   Skills:
 O Level 27 Fighting
 - Level 1.7 Throwing
 * Level 26.1 Armour
 + Level 18.0 Dodging
 O Level 27 Unarmed Combat


You had 25 spell levels left.
You didn't know any spells.
Your spell library contained the following spells:

 Spells                   Type           Power      Damage    Failure   Level
 Apportation              Tloc           0%         N/A       87%         1
 Foxfire                  Conj/Fire      0%         2x1d4     87%         1
 Freeze                   Ice            0%         1d3       87%         1
 Magic Dart               Conj           0%         1d3       87%         1
 Necrotise                Necr           0%         1d4       87%         1
 Sandblast                Erth           0%         2d4       87%         1
 Shock                    Conj/Air       0%         1d3       87%         1
 Slow                     Hex            0%         N/A       87%         1
 Summon Small Mammal      Summ           0%         N/A       87%         1
 Blink                    Tloc           0%         N/A       95%         2
 Call Imp                 Summ           0%         N/A       95%         2
 Cigotuvi's Dreadful Rot  Necr/Pois/Air  0%         N/A       95%         2
 Ensorcelled Hibernation  Hex/Ice        0%         N/A       95%         2
 Lesser Beckoning         Tloc           0%         N/A       95%         2
 Momentum Strike          Conj/Tloc      0%         3d8       95%         2
 Passwall                 Tmut/Erth      0%         N/A       95%         2
 Searing Ray              Conj           0%         2d4       95%         2
 Call Canine Familiar     Summ           0%         N/A       99%         3
 Confusing Touch          Hex            0%         N/A       99%         3
 Dazzling Flash           Conj/Hex       0%         N/A       99%         3
 Frozen Ramparts          Ice            0%         1d1       99%         3
 Gell's Gravitas          Tloc           0%         N/A       99%         3
 Hailstorm                Conj/Ice       0%         3d3       99%         3
 Ignite Poison            Fire/Tmut/Pois 0%         N/A       99%         3
 Inner Flame              Hex/Fire       0%         N/A       99%         3
 Kindle Blastsparks       Fire/Tloc/Air  0%         2d10      99%         3
 Portal Projectile        Hex/Tloc       0%         N/A       99%         3
 Stone Arrow              Conj/Erth      0%         3d7       99%         3
 Summon Guardian Golem    Hex/Summ       0%         N/A       99%         3
 Swiftness                Air            0%         N/A       99%         3
 Tukima's Dance           Hex            0%         N/A       99%         3
 Vampiric Draining        Necr           0%         2d6       99%         3
 Airstrike                Air            0%         2d(0-16)  100%        4
 Anguish                  Hex/Necr       0%         N/A       100%        4
 Animate Armour           Summ/Erth      0%         N/A       100%        4
 Cause Fear               Hex            0%         N/A       100%        4
 Dispel Undead            Necr           0%         3d6       100%        4
 Fulminant Prism          Conj/Hex       0%         3d5       100%        4
 Iskenderun's Mystic Bla  Conj/Tloc      0%         2d3       100%        4
 Leda's Liquefaction      Hex/Erth       0%         N/A       100%        4
 Manifold Assault         Tloc           0%         N/A       100%        4
 Olgreb's Toxic Radiance  Pois           0%         N/A       100%        4
 Passage of Golubria      Tloc           0%         N/A       100%        4
 Petrify                  Tmut/Erth      0%         N/A       100%        4
 Summon Ice Beast         Ice/Summ       0%         N/A       100%        4
 Summon Lightning Spire   Summ/Air       0%         N/A       100%        4
 Alistair's Intoxication  Tmut/Pois      0%         N/A       100%        5
 Borgnjor's Vile Clutch   Necr/Erth      0%         N/A       100%        5
 Fireball                 Conj/Fire      0%         3d3       100%        5
 Freezing Cloud           Conj/Ice/Air   0%         6-21      100%        5
 Irradiate                Conj/Tmut      0%         3d11      100%        5
 Iskenderun's Battlesphe  Conj           0%         2d6       100%        5
 Lee's Rapid Deconstruct  Erth           0%         3d4*      100%        5
 Metabolic Englaciation   Hex/Ice        0%         N/A       100%        5
 Summon Forest            Summ/Tloc      0%         N/A       100%        5
 Summon Mana Viper        Hex/Summ       0%         N/A       100%        5
 Yara's Violent Unravell  Hex/Tmut       0%         3d3       100%        5
 Conjure Ball Lightning   Conj/Air       0%         3x3d6     100%        6
 Death Channel            Necr           0%         N/A       100%        6
 Dispersal                Tloc           0%         N/A       100%        6
 Eringya's Noxious Bog    Tmut/Pois      0%         N/A       100%        6
 Iron Shot                Conj/Erth      0%         9d1       100%        6
 Starburst                Conj/Fire      0%         6d3       100%        6
 Enfeeble                 Hex            0%         N/A       100%        7
 Monstrous Menagerie      Summ           0%         N/A       100%        7
 Orb of Destruction       Conj           0%         9d5       100%        7
 Ozocubu's Refrigeration  Ice            0%         4d7       100%        7
 Spellforged Servitor     Conj/Summ      0%         N/A       100%        7
 Summon Hydra             Summ           0%         N/A       100%        7
 Disjunction              Tloc           0%         N/A       100%        8
 Ignition                 Fire           0%         3d3       100%        8
 Dragon's Call            Summ           0%         N/A       100%        9
 Polar Vortex             Ice            0%         N/A       100%        9
 Shatter                  Erth           0%         3d5*      100%        9
 Spider Form              Tmut/Pois      Unusable   N/A       N/A         3
 Animate Dead             Necr           Unusable   N/A       N/A         4
 Ice Form                 Ice/Tmut       Unusable   N/A       N/A         4
 Blade Hands              Tmut           Unusable   N/A       N/A         5
 Simulacrum               Ice/Necr       Unusable   N/A       N/A         6
 Statue Form              Tmut/Erth      Unusable   N/A       N/A         6
 Dragon Form              Tmut           Unusable   N/A       N/A         7

Dungeon Overview and Level Annotations

Branches:
Dungeon (15/15)            Temple (1/1) D:5            Lair (5/5) D:9
  Swamp (4/4) Lair:3       Spider (4/4) Lair:2        Slime (0/5) Lair:4
    Orc (2/2) D:12            Elf (3/3) Orc:2        Vaults (5/5) D:14
  Crypt (0/3) Vaults:3     Depths (4/4) D:15            Zot (3/5) Depths:4
  Sewer (visited)          Bailey (visited)           IceCv (visited)
Desolation (visited)

Altars:
Ashenzari
Cheibriados
Dithmenos
Fedhas
Gozag
Hepliaklqana
Kikubaaqudgha
Makhleb
Nemelex Xobeh
Okawaru
Qazlal
Ru
Sif Muna
Trog
Uskayaw
Vehumet
Wu Jian
Xom
Yredelemnul
Jiyva

Shops:
D:5 [   D:8 !   D:11 (   D:15 [[   Orc:2 !=!*=   Vaults:2 *   Vaults:4 [*?*
Vaults:5 !

Portals:
Hell: Depths:1 Depths:2 Depths:3 Depths:4
Abyss: Depths:3 Depths:4
Pandemonium: Depths:1 Depths:2
Ziggurat: Depths:1


Innate Abilities, Weirdness & Mutations

You are immune to poison.
You have sharp fingernails.
Your flesh is cold resistant. (rC+)
You are immune to negative energy. (rN+++)
You do not regenerate when monsters are visible.
You are immune to unholy pain and torment.
You thrive by killing the living.


Message History

Tiamat completely misses you. Tiamat misses you.
The yellow draconian spits acid at you.
The glob of acid hits you but does no damage.
The yellow draconian annihilator gestures at you while chanting.
The poison arrow hits you! You partially resist.
* * * LOW HITPOINT WARNING * * *
You barely miss Tiamat.
Tiamat is severely wounded.
You claw Tiamat! Your claw misses Tiamat.
Tiamat is almost dead.
The yellow draconian hits you but does no damage.
The yellow draconian annihilator misses you.
Tiamat hits you but does no damage.
Tiamat tail-slaps you but does no damage.
You mangle Tiamat!! You claw Tiamat!
Tiamat is almost dead.
You mangle Tiamat!! You claw Tiamat!!
You kill Tiamat!
The yellow draconian annihilator casts a spell at you.
The poison arrow hits you! You partially resist.
* * * LOW HITPOINT WARNING * * *
The yellow draconian hits you but does no damage.
The yellow draconian annihilator attacks as you move away!
The yellow draconian annihilator closely misses you.
The yellow draconian hits you with a +0 hand axe.
* * * LOW HITPOINT WARNING * * *
Items here: ! $ ) [.
The yellow draconian annihilator casts a spell at you.
The bolt of lightning misses you. The yellow draconian spits acid at you.
The glob of acid hits you but does no damage.
The acid corrodes you!
You hear a deafening roar!
You hear a roar!
The yellow draconian attacks as you move away!
The yellow draconian hits you with a +0 hand axe!
* * * LOW HITPOINT WARNING * * *
The yellow draconian annihilator points at you and mumbles some strange words.
The iron shot hits you!!!
You die...
Your body crumbles into a pile of gold.

#########..#
.#.........# #
...........#. .#
####...#.###.8#####8.#
#...##.# #.......#
#....########q###
#........#.)d$..##
#...##.##.##.....##
#####...##.##@....#
#..##.##....##..# #(.
#.##....##.# .##
#.##....#... ..
#.##....... .> ##
...#.. #.##..# ## ##


You could see a yellow draconian (catching breath) and a yellow draconian
annihilator.

Vanquished Creatures
  Tiamat (Zot:3)
  2 ancient liches
  3 juggernauts (Depths:4)
  Boris (Vaults:4)
  Parghit (Zot:1)
  A curse toe (Zot:1)
  A caustic shrike (Depths:4)
  5 golden dragons
  A bone dragon (Zot:1)
  Nikola (Swamp:2)
  Jory (Depths:3)
  Arachne (Spider:3)
  Zenata (Vaults:4)
  2 doom hounds (Depths:3)
  A Tzitzimitl (Depths:3)
  Mlioglotl (Spider:3)
  15 tentacled monstrosities
  3 liches
  Grunn (Depths:3)
  7 quicksilver dragons
  2 walking crystal tomes (Depths:4)
  2 deep elf blademasters (Elf:3)
  Asterion (Vaults:1)
  5 titans
  2 walking earthen tomes (Depths:4)
  An acid blob (Spider:1)
  10 sphinxes
  6 death cobs
  A deep elf master archer (Elf:3)
  Gastronok (Lair:1)
  Donald (Swamp:3)
  5 tengu reavers
  11 storm dragons
  3 draconian monks
  Roxanne (Swamp:4)
  7 shadow dragons
  A rockslime (IceCv)
  2 azure jellies (IceCv)
  A thorn hunter (Swamp:3)
  A fenstrider witch (Swamp:3)
  11 frost giants
  4 draconian knights
  9 deep elf sorcerers
  9 fire giants
  15 vault wardens
  10 ghost moths
  An imperial myrmidon (Desolation)
  4 draconian scorchers
  13 ironbound preservers
  6 emperor scorpions
  Aizul (Vaults:2)
  4 draconian stormcallers
  5 iron dragons
  4 draconian annihilators
  An orc warlord (Vaults:2)
  A broodmother (Spider:1)
  4 deep elf elementalists (Elf:3)
  5 draconian shifters
  A war gargoyle (Vaults:5)
  2 ironbound thunderhulks (Vaults:2)
  4 quicksilver oozes (IceCv)
  19 very ugly things
  2 reapers (Depths:3)
  13 stone giants
  11 green draconians
  7 deep elf demonologists
  A vampire knight (Depths:1)
  An eleionoma (shapeshifter) (Vaults:3)
  8 deep elf annihilators
  6 eleionomae
  10 yellow draconians
  7 black draconians
  6 spark wasps
  14 white draconians
  12 dire elephants
  9 purple draconians
  A halazid warlock (Desolation)
  3 bunyips
  7 red draconians
  Snorg (Lair:5)
  11 deep elf death magi
  A blizzard demon (Depths:1)
  3 crystal guardians
  12 ettins
  7 fire dragons
  5 ragged hierophants (Desolation)
  16 yaktaur captains
  8 deep elf high priests
  24 vault guards
  2 great orbs of eyes
  8 entropy weavers
  7 peacekeepers
  3 shambling mangroves
  Erolcha (Orc:1)
  3 ice dragons
  2 spriggan air magi
  Fannar (Lair:3)
  10 ironbound frosthearts
  5 rakshasas
  6 servants of whispers (Desolation)
  4 radroaches
  13 boulder beetles
  A catoblepas (Lair:5)
  11 centaur warriors
  2 ghost crabs (Swamp:2)
  7 ogre magi
  23 hydras
  A hell beast (Depths:2)
  10 alligators
  A jorogumo (Spider:2)
  3 tengu warriors
  2 two-headed ogres
  17 death yaks
  3 deep troll shamans
  29 dancing weapons
  An orc high priest (Bailey)
  4 deep troll earth magi
  The ghost of Athor the Cleaver, a novice FoFi of Okawaru (D:9)
  A vampire mage (Depths:3)
  5 spriggan berserkers
  15 hell knights
  16 deep elf knights
  A soul eater (Depths:2)
  Nergalle (Orc:1)
  Urug (Lair:5)
  A spectral death yak (Lair:5)
  A sun demon (Depths:1)
  8 iron trolls
  A fire crab (D:11)
  7 pharaoh ants
  A sea snake (shapeshifter) (Vaults:3)
  8 goliath frogs
  A spectral anaconda (Lair:5)
  7 bog bodies
  49 deep trolls
  A flayed ghost (Depths:3)
  8 swamp dragons
  4 spriggan druids
  A shadow wraith (D:14)
  An obsidian statue (Lair:5)
  13 orb spiders
  5 glowing orange brains
  10 lindwurms
  16 wizards
  An orange crystal statue (Depths:1)
  2 glowing orange brains (shapeshifter)
  32 deep elf pyromancers
  Pikel (D:7)
  15 deep elf archers
  8 necromancers
  4 phantasmal warriors (Vaults:5)
  20 ironbound convokers
  3 harpies (Vaults:1)
  32 deep elf zephyrmancers
  5 steelbarb worms
  7 orc knights
  A fire giant zombie (Vaults:4)
  42 ugly things
  20 wolf spiders
  2 manticores
  6 orc sorcerers
  2 cyclopes (D:14)
  A salamander (D:15)
  2 will-o-the-wisps
  A shining eye (shapeshifter) (Zot:2)
  27 moths of wrath
  An oklob plant (Spider:1)
  A black mamba (shapeshifter) (D:13)
  2 elephants (shapeshifter) (Vaults:5)
  28 elephants
  3 guardian serpents (Desolation)
  20 vault sentinels
  A human skeleton (Vaults:4)
  A molten gargoyle (Desolation)
  8 black mambas
  A dire elephant zombie (Lair:5)
  8 demonic crawlers
  A rust devil (Depths:1)
  An eye of devastation (shapeshifter) (Vaults:2)
  6 torpor snails
  An orange demon (Depths:2)
  12 cane toads
  A smoke demon (Depths:2)
  A cane toad (shapeshifter) (D:14)
  Maggie (D:7)
  3 unseen horrors
  37 yaktaurs
  3 freezing wraiths
  5 kobold demonologists
  13 rime drakes
  Psyche (D:10)
  3 tengu conjurers
  8 komodo dragons
  4 polar bears
  A tormentor (Depths:3)
  9 tyrant leeches
  A wind drake (shapeshifter) (Elf:3)
  A guardian mummy (Zot:2)
  5 trolls
  2 hornets (shapeshifter)
  17 blink frogs
  6 meliai
  49 saltlings (Desolation)
  Grinder (D:3)
  15 hornets
  33 tarantellas
  A raiju (shapeshifter) (D:13)
  A spectral elephant (Lair:5)
  12 dream sheep
  37 jumping spiders
  A water elemental (Elf:1)
  A fire giant simulacrum (Vaults:4)
  3 shadows
  66 slime creatures
  10 spriggans
  58 yaks
  24 culicivoras
  3 air elementals
  2 fire bats (Orc:1)
  3 wraiths
  A human (D:7)
  7 wyverns
  2 vampires
  2 ynoxinuls
  2 steam dragons
  3 fire elementals
  A golden eye (shapeshifter) (D:15)
  3 hogs (D:7)
  84 redbacks
  15 vampire mosquitoes
  4 basilisks
  A chaos spawn (Depths:1)
  Menkaure (D:7)
  A steam dragon (shapeshifter) (Vaults:5)
  5 wargs
  A death yak simulacrum (Lair:5)
  13 swamp worms
  7 acid dragons
  16 water moccasins
  3 floating eyes
  47 orc warriors
  3 great orb of eyes simulacra (IceCv)
  8 swamp drakes
  An ice beast (D:4)
  2 elephant zombies (Lair:5)
  5 ogres
  10 boggarts
  13 wolves
  10 centaurs
  A lemure (D:7)
  3 slime creature simulacra (IceCv)
  2 phantoms
  7 kobold brigands
  10 bullfrogs
  4 scorpions
  6 glowing shapeshifter simulacra (IceCv)
  A cane toad simulacrum (Lair:5)
  3 earth elementals
  3 wights (D:8)
  An elephant simulacrum (Lair:5)
  A killer bee (shapeshifter) (Depths:1)
  40 killer bees
  7 electric eels
  2 howler monkeys (D:9)
  A jelly (D:6)
  2 gnoll boudas
  10 orc priests
  2 iguanas
  Ijyb (D:5)
  14 orc wizards
  A hell rat (Lair:5)
  12 gnolls
  8 river rats (Sewer)
  9 adders
  A shadow imp (D:6)
  2 white imps
  An ufetubus (D:4)
  5 worms
  2 dart slugs (D:4)
  85 orcs
  15 ball pythons
  12 bats
  10 endoplasms
  A giant cockroach (shapeshifter) (Vaults:5)
  4 giant cockroaches
  19 goblins
  18 hobgoblins
  7 jackals
  5 quokkas
  3 frilled lizards
  49 kobolds
  25 rats
  A briar patch (Swamp:3)
  3 pillars of salt (Desolation)
2278 creatures vanquished.

Vanquished Creatures (collateral kills)
  Bai Suzhen (Vaults:5)
  A shadow dragon (Vaults:5)
  A storm dragon (Vaults:5)
  A vault warden (Vaults:5)
  2 ironbound preservers (Vaults:5)
  A deep elf high priest (Vaults:5)
  5 vault guards (Vaults:5)
  A deep troll (Vaults:5)
  2 ironbound convokers (Vaults:5)
  2 orc knights (Vaults:5)
  A phantasmal warrior (Vaults:5)
  Sigmund (D:5)
  2 orcs
21 creatures vanquished.

Vanquished Creatures (others)
  A dread lich (Vaults:5)
  Boris (Vaults:5)
  A tentacled monstrosity (Vaults:5)
  2 tengu reavers (Vaults:5)
  A sphinx (Vaults:5)
  2 deep elf sorcerers
  4 vault wardens (Vaults:5)
  A frost giant (Vaults:5)
  3 ironbound preservers (Vaults:5)
  An ettin (Vaults:5)
  A deep elf death mage (Vaults:5)
  2 vault guards (Vaults:5)
  2 deep troll earth magi (Vaults:5)
  2 deep elf knights (Elf:1)
  A deep troll (Vaults:5)
  A swamp dragon (Swamp:4)
  An ironbound convoker (Vaults:5)
  2 ugly things (Vaults:5)
  A torpor snail (shapeshifter) (Vaults:5)
  A freezing wraith (Vaults:5)
  5 yaktaurs (Vaults:5)
  3 bloated husks
  A queen bee (shapeshifter) (Elf:1)
  2 orc warriors (Vaults:5)
  A boggart (Vaults:2)
  A gnoll (Bailey)
  3 orcs
  10 foxfires
  30 fungi
  30 plants
  4 toadstools (Depths:3)
  12 withered plants
133 creatures vanquished.

Grand Total: 2432 creatures vanquished

Notes
Turn   | Place    | Note
-------+----------+-------------------------------------------
     0 | D:1      | HoaS the Ghoul Gladiator began the quest for the Orb.
     0 | D:1      | Reached XP level 1. HP: 17/17 MP: 0/0
   107 | D:1      | Reached XP level 2. HP: 22/24 MP: 1/1
   374 | D:1      | Reached XP level 3. HP: 29/29 MP: 2/2
   462 | D:1      | Found a faded altar of an unknown god.
   803 | D:1      | Reached skill level 5 in Unarmed Combat
   873 | D:2      | Reached XP level 4. HP: 34/36 MP: 3/3
  1444 | D:3      | Noticed Grinder
  1465 | D:3      | Paralysed by Grinder for 4 turns
  1477 | D:3      | Killed Grinder
  1478 | D:3      | Reached XP level 5. HP: 21/41 MP: 4/4
  1478 | D:3      | Reached XP level 6. HP: 24/48 MP: 5/5
  2244 | D:4      | Found a hide-covered altar of Uskayaw.
  2246 | D:4      | Found a bloodstained altar of Trog.
  2250 | D:4      | Found a broken altar of Ashenzari.
  2250 | D:4      | Found a blossoming altar of Fedhas.
  2251 | D:4      | Found a radiant altar of Vehumet.
  2253 | D:4      | Found an iron altar of Okawaru.
  2408 | D:4      | Found Zin's Purification Station.
  2421 | D:4      | Bought a potion of curing for 90 gold pieces
  2495 | D:4      | Found a shadowy altar of Dithmenos.
  2613 | D:4      | Reached XP level 7. HP: 55/55 MP: 6/6
  3255 | D:5      | Entered Level 5 of the Dungeon
  3283 | D:5      | Found a glowing drain.
  3294 | Sewer    | Entered a sewer
  3610 | Sewer    | Identified the +10 plate armour of Claustrophobia {Rampage
                  | rPois Str+3 Dex-2}
  4079 | D:5      | Noticed Sigmund
  4079 | D:5      | Noticed Ijyb
  4105 | D:5      | Killed Sigmund
  4106 | D:5      | Reached skill level 10 in Unarmed Combat
  4106 | D:5      | Reached XP level 8. HP: 46/61 MP: 7/7
  4272 | D:5      | Found a staircase to the Ecumenical Temple.
  4286 | Temple   | Entered the Ecumenical Temple
  4363 | Temple   | Became a worshipper of Gozag Ym Sagoz the Greedy
  4440 | D:5      | Found a basalt altar of Yredelemnul.
  4486 | D:5      | Found Erlang Shen's Dragon-Slaying Spoils.
  5443 | D:7      | Found a flagged portal.
  5466 | Bailey   | Entered a bailey
  5583 | Bailey   | Reached skill level 1 in Armour
  5593 | Bailey   | Reached XP level 9. HP: 69/69 MP: 8/8
  5717 | Bailey   | Noticed an orc high priest
  5724 | Bailey   | Killed an orc high priest
  6146 | Bailey   | Found an iron altar of Okawaru.
  6146 | Bailey   | Noticed a kobold demonologist
  6146 | Bailey   | Noticed an orc knight
  6168 | Bailey   | Noticed a red devil
  6175 | Bailey   | Noticed an ice devil
  6180 | Bailey   | Killed a kobold demonologist
  6181 | Bailey   | Reached skill level 5 in Fighting
  6190 | Bailey   | Killed an orc knight
  6191 | Bailey   | Reached XP level 10. HP: 37/81 MP: 9/9
  6315 | Bailey   | Reached XP level 11. HP: 99/99 MP: 10/10
  6316 | Bailey   | Acquired 1023 gold pieces
  6631 | D:5      | Bought the +12 gold dragon scales of Dawn {Fly rPois rF+
                  | rC+ rCorr Int+8 Stlth-} for 1433 gold pieces
  6675 | D:5      | Killed Ijyb
  6949 | D:7      | Reached skill level 10 in Fighting
  7008 | D:7      | Noticed Menkaure
  7014 | D:7      | Killed Menkaure
  7031 | D:7      | Noticed Maggie
  7043 | D:7      | Killed Maggie
  7404 | D:7      | Noticed Pikel
  7426 | D:7      | Killed Pikel
  7895 | D:8      | Found Uriolez's Distillery.
  7899 | D:8      | Bought a potion of curing for 36 gold pieces
  7899 | D:8      | Bought a potion of haste for 120 gold pieces
  7899 | D:8      | Bought a potion of curing for 36 gold pieces
  8688 | D:9      | Noticed a death yak
  8689 | D:9      | Noticed a death yak
  8689 | D:9      | Noticed a tengu warrior
  8690 | D:9      | Noticed a death yak
  8690 | D:9      | Noticed a death yak
  8690 | D:9      | Noticed a death yak
  8693 | D:9      | Noticed Athor's ghost (novice FoFi)
  8706 | D:8      | Killed a death yak
  8828 | D:9      | Noticed a death yak
  8828 | D:9      | Noticed a death yak
  8841 | D:8      | Killed a death yak
  8843 | D:9      | Noticed a death yak
  8854 | D:8      | Killed a death yak
  8855 | D:8      | Reached skill level 15 in Unarmed Combat
  8928 | D:8      | Killed a death yak
  9040 | D:8      | Killed a death yak
  9041 | D:8      | Reached XP level 12. HP: 42/108 MP: 11/11
  9050 | D:8      | Killed a death yak
  9309 | D:8      | Killed a death yak
  9363 | D:8      | Killed a death yak
  9480 | D:9      | Noticed a boulder beetle
  9487 | D:9      | Found a staircase to the Lair.
  9762 | D:9      | Found a transporter.
  9764 | D:9      | Found a transporter.
 10019 | D:9      | Found a burning altar of Makhleb.
 10068 | D:10     | Entered Level 10 of the Dungeon
 10590 | D:10     | Noticed Psyche
 10592 | D:10     | Killed Psyche
 10617 | D:10     | Found an ornate altar of the Wu Jian Council.
 11049 | Lair:1   | Entered Level 1 of the Lair of Beasts
 11055 | Lair:1   | Noticed Gastronok
 11066 | Lair:1   | Reached skill level 10 in Armour
 11066 | Lair:1   | Reached XP level 13. HP: 119/119 MP: 12/12
 11077 | Lair:1   | Killed Gastronok
 11694 | Lair:2   | Found a hole to the Spider Nest.
 12269 | Lair:2   | Reached XP level 14. HP: 123/127 MP: 13/13
 12741 | Lair:3   | You are sucked into a shaft and drop 1 floor!
 12999 | Lair:3   | Noticed Fannar
 13010 | Lair:3   | Killed Fannar
 13054 | Lair:3   | Found a staircase to the Swamp.
 13980 | Lair:4   | Identified the +4 rapier of the Fox {antimagic, Fly Will+}
 14026 | Lair:4   | Found a staircase to the Slime Pits.
 14026 | Lair:4   | Found a viscous altar of Jiyva.
 14289 | Lair:5   | Entered Level 5 of the Lair of Beasts
 14329 | Lair:5   | Reached XP level 15. HP: 109/138 MP: 14/14
 14482 | Lair:5   | Noticed Snorg
 14495 | Lair:5   | Killed Snorg
 14797 | Lair:5   | Noticed Urug
 14810 | Lair:5   | Killed Urug
 15200 | Lair:5   | Reached skill level 15 in Fighting
 16052 | D:9      | Killed Athor's ghost
 16053 | D:9      | Reached XP level 16. HP: 124/149 MP: 15/15
 16475 | D:11     | Identified the +11 short sword of Zockof {flame, rElec
                  | Dex+3}
 16684 | D:11     | Found Erphuur's Antique Weapon Shoppe.
 16890 | D:11     | Acquired 1157 gold pieces
 17024 | D:11     | Identified the +9 dagger "Newtslayer" {protect, Str+2}
 17618 | D:12     | Found a staircase to the Orcish Mines.
 17959 | Orc:1    | Entered Level 1 of the Orcish Mines
 18311 | Orc:1    | Noticed Nergalle
 18313 | Orc:1    | Noticed Erolcha
 18331 | Orc:1    | Killed Nergalle
 18340 | Orc:1    | Killed Erolcha
 18661 | Orc:2    | Entered Level 2 of the Orcish Mines
 19199 | Orc:2    | Found Dipinam's Jewellery Emporium.
 19199 | Orc:2    | Found Luto's Assorted Antiques.
 19381 | Orc:2    | Bought a ring of willpower for 300 gold pieces
 19381 | Orc:2    | Bought a +5 ring of evasion for 432 gold pieces
 19381 | Orc:2    | Bought an amulet of regeneration for 360 gold pieces
 19394 | Orc:2    | Bought a faintly glowing brass amulet for 165 gold pieces
 19394 | Orc:2    | Identified the amulet of Cotsastri {Spirit rN++ Dex+5} (You
                  | bought it in a shop on level 2 of the Orcish Mines)
 19445 | Orc:2    | Found a staircase to the Elven Halls.
 19525 | Orc:2    | Found Sarrau's Distillery.
 19547 | Orc:2    | Bought a potion of curing for 39 gold pieces
 19547 | Orc:2    | Bought a potion of haste for 130 gold pieces
 19547 | Orc:2    | Bought a potion of might for 52 gold pieces
 19547 | Orc:2    | Bought a potion of curing for 39 gold pieces
 19714 | Orc:2    | Found Eraeduc's Jewellery Emporium.
 19714 | Orc:2    | Found Sanahiac's Distillery.
 19729 | Orc:2    | Bought a potion of heal wounds for 65 gold pieces
 19729 | Orc:2    | Bought 2 potions of curing for 78 gold pieces
 19729 | Orc:2    | Bought a potion of might for 52 gold pieces
 19729 | Orc:2    | Bought a potion of curing for 39 gold pieces
 21160 | D:14     | Reached XP level 17. HP: 149/159 MP: 16/16
 21648 | D:14     | Found a gate to the Vaults.
 21679 | D:14     | Acquired a manual of Dodging
 21726 | D:15     | Entered Level 15 of the Dungeon
 21733 | D:15     | Found Biqeina's Antique Armour Boutique.
 21830 | D:15     | Found a frozen archway.
 21836 | IceCv    | Entered an ice cave
 22200 | IceCv    | Found a viscous altar of Jiyva.
 22397 | IceCv    | Identified the amulet "Dogh" {Faith +Inv rPois Will- rCorr}
 23033 | D:15     | Found Wohesace's Armour Boutique.
 23179 | D:15     | Found a staircase to the Depths.
 23670 | Spider:1 | Entered Level 1 of the Spider Nest
 24995 | Spider:1 | Noticed an acid blob
 25005 | Spider:1 | Killed an acid blob
 25073 | Spider:1 | Identified the +1 chain mail of Hangman {Int+3}
 25395 | Spider:2 | Reached XP level 18. HP: 170/170 MP: 17/17
 26280 | Spider:3 | Reached skill level 15 in Armour
 26691 | Spider:3 | Identified the +0 robe of Fun {Will+ Stlth+}
 26844 | Spider:3 | Noticed Arachne
 26856 | Spider:3 | Killed Arachne
 27095 | Spider:3 | Noticed Mlioglotl
 27114 | Spider:3 | Killed Mlioglotl
 27260 | Spider:4 | Entered Level 4 of the Spider Nest
 27550 | Spider:4 | Identified the +2 robe of Vinkaihi {Dex+4 Stlth+}
 28216 | Spider:4 | Reached XP level 19. HP: 100/180 MP: 0/18
 28501 | Spider:4 | Got a gossamer rune of Zot
 28965 | Swamp:1  | Entered Level 1 of the Swamp
 28971 | Swamp:1  | You are sucked into a shaft and drop 1 floor!
 29558 | Swamp:2  | Noticed Nikola
 29575 | Swamp:2  | Killed Nikola
 30295 | Swamp:3  | Noticed Donald
 30419 | Swamp:3  | Killed Donald
 30676 | Swamp:3  | Identified the +8 whip of the Forest {freeze, *Rage rElec
                  | Will+ SInv}
 30966 | Swamp:4  | Entered Level 4 of the Swamp
 31640 | Swamp:4  | Noticed Roxanne
 31825 | Swamp:4  | Killed Roxanne
 32053 | Swamp:4  | Reached XP level 20. HP: 181/191 MP: 17/19
 32259 | Swamp:4  | Got a decaying rune of Zot
 32634 | Elf:1    | Entered Level 1 of the Elven Halls
 32634 | Elf:1    | Found a runed translucent gate.
 32634 | Elf:1    | Found a runed translucent gate.
 32634 | Elf:1    | Found a runed translucent gate.
 32634 | Elf:1    | Found a runed translucent gate.
 32634 | Elf:1    | Found a runed translucent gate.
 32634 | Elf:1    | Found a runed translucent gate.
 32635 | Elf:1    | Found a runed translucent door.
 32637 | Elf:1    | Found a runed translucent door.
 32651 | Elf:1    | Identified the ring of Hioqezykij {rF+ rCorr Int+3 Dex+3}
 33877 | Elf:2    | Reached skill level 27 in Unarmed Combat
 33903 | Elf:2    | Found a portal to a secret trove of treasure.
 34692 | Elf:2    | Found a runed translucent gate.
 34693 | Elf:2    | Found a runed translucent gate.
 34693 | Elf:2    | Found a runed translucent gate.
 35621 | Vaults:1 | Entered Level 1 of the Vaults
 35807 | Vaults:1 | Found a crumbling gateway.
 35807 | Vaults:1 | Noticed Asterion
 35815 | Desolati | Entered the Desolation of Salt
 35936 | Desolati | Identified the amulet "Ytam" {Spirit *Slow rC+ Int+3}
 35971 | Desolati | Identified the +1 robe of Xuobuf {+Inv rC- rCorr Str+4}
 35972 | Desolati | Identified the ring of Uwnam {rF+ Str+3 SInv}
 35976 | Desolati | Identified the ring of the Seven Loafs {rElec rF+ Int+6
                  | Dex+3}
 36046 | Desolati | Reached XP level 21. HP: 202/203 MP: 20/20
 36493 | Desolati | Reached skill level 5 in Dodging
 36509 | Desolati | Got Nitta's Octavo of Ashen Points
 36512 | Desolati | Identified the +0 triple crossbow of Death {elec, Dex+2}
 36516 | Desolati | Identified the +3 mace "Impslayer" {flame, rC++ rCorr Dex+2
                  | Stlth-}
 36619 | Desolati | Identified the ring of Barok {rF+ rC+ Slay+2}
 36627 | Desolati | Identified the +9 great sword "Sohu" {elec, rElec rPois
                  | Int+3 Stlth-}
 36927 | Vaults:1 | Killed Asterion
 37448 | Vaults:1 | Identified the +0 plate armour "Cukofrononk" {rF+ Int+3}
 37979 | Vaults:2 | Noticed Aizul
 37993 | Vaults:2 | Killed Aizul
 38366 | Vaults:2 | Got the Vademecum on the Throng
 38653 | Vaults:2 | Identified the +1 war axe of the Lusting Wolf {freeze,
                  | rPois MP+9 Int+7 Dex-4}
 39169 | Vaults:2 | Reached XP level 22. HP: 192/216 MP: 17/21
 39274 | Vaults:2 | Acquired 388 gold pieces
 39329 | Vaults:3 | Paralysed by a sphinx for 5 turns
 39522 | Vaults:3 | Identified the +4 dagger "Mishropa" {freeze, rElec}
 40096 | Vaults:3 | an acid blob changed into a caustic shrike
 40096 | Vaults:3 | Noticed a caustic shrike (glowing shapeshifter)
 40097 | Vaults:3 | a caustic shrike changed into a shadow dragon
 40429 | Vaults:3 | Found a staircase to the Crypt.
 40429 | Vaults:3 | Found an ancient bone altar of Kikubaaqudgha.
 40430 | Vaults:3 | Found a basalt altar of Yredelemnul.
 40866 | Vaults:4 | Reached skill level 10 in Dodging
 41461 | Vaults:4 | Noticed Boris
 41475 | Vaults:4 | Killed Boris
 41551 | Vaults:4 | Noticed Zenata
 41569 | Vaults:4 | Killed Zenata
 41675 | Vaults:4 | Identified the +1 robe "Ifeategy" {rElec rF- Archmagi}
 42600 | Elf:2    | You paid a toll of 7 potions of haste to enter a treasure
                  | trove
 42601 | Trove    | Entered a treasure trove
 42856 | Depths:1 | Entered Level 1 of the Depths
 42907 | Depths:1 | Found a one-way gateway to a ziggurat.
 43200 | Depths:1 | Reached XP level 23. HP: 227/227 MP: 22/22
 43206 | Depths:1 | Found a one-way gate leading to the halls of Pandemonium.
 43376 | Depths:1 | Found a hide-covered altar of Uskayaw.
 43455 | Depths:1 | Paralysed by something for 2 turns
 43527 | Depths:1 | Found a gateway to Hell.
 44109 | Depths:2 | Acquired a manual of Dodging
 44812 | Depths:3 | Noticed Grunn
 44840 | Depths:3 | Killed Grunn
 44850 | Depths:3 | HP: 5/229 [reaper/+4 scythe of protection[a doom hound]
                  | (18)]
 45349 | Depths:3 | Found a radiant altar of Vehumet.
 45353 | Depths:3 | Found a transporter.
 45421 | Depths:3 | Found a one-way gate to the infinite horrors of the Abyss.
 45632 | Depths:3 | Noticed Jory
 45642 | Depths:3 | Killed Jory
 45856 | Depths:3 | Found a stormy altar of Qazlal.
 46133 | Depths:3 | Paralysed by a floating eye for 2 turns
 46145 | Depths:3 | Paralysed by a floating eye for 2 turns
 46217 | Depths:3 | Identified the +1 pair of gloves of Forking Paths {rN+
                  | SInv}
 46249 | Depths:3 | Found a transporter.
 46356 | Depths:4 | Entered Level 4 of the Depths
 46458 | Depths:4 | Noticed a golden dragon
 46474 | Depths:4 | Killed a golden dragon
 46712 | Depths:4 | Noticed a juggernaut
 46721 | Depths:4 | Killed a juggernaut
 46736 | Depths:4 | Noticed a juggernaut
 46747 | Depths:4 | Killed a juggernaut
 47008 | Depths:4 | Reached XP level 24. HP: 240/240 MP: 22/22
 47391 | Depths:4 | Paralysed by a floating eye for 3 turns
 47415 | Depths:4 | Noticed a caustic shrike
 47430 | Depths:4 | Killed a caustic shrike
 47470 | Depths:4 | Identified the +1 leather armour of Zin's Approval {rCorr
                  | Int+4}
 47514 | Depths:4 | Found the +3 crown of Dyrovepreva {rElec Int+2 SInv}
 47524 | Depths:4 | Identified the ring "Hextum" {*Slow rPois rF+ rC++ Dex+8}
 47669 | Depths:4 | Noticed a juggernaut
 47683 | Depths:4 | Killed a juggernaut
 47962 | Depths:4 | Found a gate to the Realm of Zot.
 48354 | Elf:3    | Entered Level 3 of the Elven Halls
 48384 | Elf:3    | Paralysed by an air elemental for 1 turns
 48528 | Elf:3    | Paralysed by an air elemental for 1 turns
 48532 | Elf:3    | Paralysed by an air elemental for 1 turns
 49330 | Elf:3    | Identified the +6 short sword of Fuofell {spect, rF+ Will-
                  | Int+2}
 49334 | Elf:3    | Identified the +4 ring mail "Nout" {-Tele Harm rPois
                  | Regen+}
 49771 | Elf:3    | Identified the +5 plate armour of Ablaher {Int+2}
 49784 | Elf:3    | Identified the +2 robe of the Vestibule of Hell {Contam
                  | +Blink rPois Dex+3}
 50432 | Elf:3    | Found the +3 hat of Pondering {ponderous, Will+ MP+10
                  | Int+5}
 50452 | Elf:3    | Got the Cyclopedia of Subzero Obstruction
 50455 | Elf:3    | Identified the +4 helmet of the Ancient People {Rampage
                  | rCorr Str-3}
 50462 | Elf:3    | Identified the +0 ring mail "Fuagoh" {Int+5}
 50476 | Elf:3    | Got the Monograph on the Flaming Bane
 51035 | Vaults:4 | Bought a steaming helmet for 503 gold pieces
 51035 | Vaults:4 | Identified the +1 helmet of Sudwunny {Stlth+} (You bought
                  | it in a shop on level 4 of the Vaults)
 51038 | Vaults:4 | Bought a potion of curing for 36 gold pieces
 51038 | Vaults:4 | Bought a scroll of magic mapping for 90 gold pieces
 51040 | Vaults:4 | Bought a scroll of teleportation for 36 gold pieces
 51040 | Vaults:4 | Bought a scroll of teleportation for 36 gold pieces
 51042 | Vaults:4 | Bought a scroll of magic mapping for 180 gold pieces
 51049 | Vaults:5 | Entered Level 5 of the Vaults
 51065 | Vaults:5 | Noticed Boris
 51088 | Vaults:5 | Noticed a dread lich
 51102 | Vaults:5 | Killed Boris
 51104 | Vaults:5 | Noticed Bai Suzhen
 51126 | Vaults:5 | Reached skill level 15 in Dodging
 51148 | Vaults:5 | Killed Bai Suzhen
 51195 | Vaults:5 | Reached XP level 25. HP: 114/253 MP: 12/22
 51360 | Vaults:5 | Noticed an ancient lich
 51368 | Vaults:5 | Killed an ancient lich
 51876 | Vaults:5 | Got a silver rune of Zot
 51902 | Vaults:5 | Identified the +7 rapier "Grim Tooth" {flame, *Rage rF+
                  | Int+3}
 52381 | Vaults:5 | Identified the +0 trident of Slime {freeze, rC+ Stlth+}
 52484 | Vaults:5 | Identified the +3 long sword of the Postmodern Curses
                  | {flame, Int+4}
 52487 | Vaults:5 | Identified the amulet "Hero's Friend" {Spirit -Cast +Blink
                  | rC++ Slay+6}
 52489 | Vaults:5 | Identified the ring of the Cockroach {rF+ AC+4}
 52545 | Vaults:5 | Found Teluez's Distillery.
 52550 | Vaults:5 | Bought a potion of curing for 60 gold pieces
 52550 | Vaults:5 | Bought a potion of curing for 60 gold pieces
 52643 | Vaults:5 | Identified the +9 hand axe of Guile {freeze, *Corrode rPois
                  | Dex+4 Stlth+}
 52937 | Vaults:5 | Acquired 1003 gold pieces
 52939 | Vaults:5 | Acquired 1101 gold pieces
 53588 | Zot:1    | Entered Level 1 of the Realm of Zot
 53757 | Zot:1    | Noticed Parghit
 53780 | Zot:1    | Killed Parghit
 53930 | Zot:1    | Reached skill level 27 in Fighting
 55207 | Zot:2    | Reached XP level 26. HP: 266/266 MP: 22/22
 55221 | Zot:2    | Paralysed by a sphinx for 5 turns
 55485 | Zot:2    | Identified the +2 war axe of Calculation {venom, rElec
                  | rPois Will- Str-3}
 55999 | Zot:2    | Noticed an ancient lich
 56014 | Zot:2    | Killed an ancient lich
 56242 | Zot:2    | Identified the +4 long sword "Olilif Wogo" {spect, rN+
                  | Int+3}
 56679 | Zot:3    | Identified the ring of Voalifits {Wiz Will- Dex+2 Slay+2
                  | SInv}
 56985 | Zot:3    | Acquired a ring of protection from fire
 57593 | Zot:3    | Found the +4 dragonskin cloak
 57593 | Zot:3    | Noticed Tiamat
 57627 | Zot:3    | HP: 10/266 [Tiamat/+3 demon trident of venom (23)]
 57633 | Zot:3    | Killed Tiamat
 57633 | Zot:3    | HP: 12/266 [yellow draconian annihilator/poison
                  | arrow[Tiamat] (5)]
 57636 | Zot:3    | HP: 4/266 [yellow draconian/+0 hand axe[a green draconian
                  | monk] (4)]
 57636 | Zot:3    | Killed from afar by a yellow draconian annihilator

Illustrated notes

Levels and vault maps discovered:
D:1:      lemuel_arrival_room, layout_loops_ring,
          shapermc_ecumenical_altar_acropolis
D:2:      layout_loops_ring, basic_altar
D:3:      layout_loops_cross, uniq_grinder
D:4:      layout_layer_cave, zin_purify, nicolae_dithmenos_shadow_blocks,
          minitemple
D:5:      layout_cave_pools, nicolae_overflow_hidden_temple, temple_pool_b,
          cheibrodos_sewer_entry_drain, nicolae_shop_dragon_depot,
          hellmonk_bongcloud_opening, uniq_ijyb, uniq_sigmund
D:6:      cheibrodos_thug_alley, layout_basic, chequers_serial_rivers_room_a,
          dk_noncrumbling_2
D:7:      layout_loops_corners, lightli_bailey_entry_fortress, grunt_livestock,
          uniq_menkaure, uniq_pikel, uniq_maggie
D:8:      layout_basic, serial_shops, shop, kennysheep_generic_room_16
D:9:      layout_irregular_city, lightli_temple_of_fire, dpeg_lair_monsters,
          gammafunk_ghost_arena
D:10:     layout_basic, nicolae_overflow_squiral, kennysheep_small_spiral,
          uniq_psyche
D:11:     minmay_box_of_curves, layout_irregular_city, serial_shops,
          nicolae_diamond_shop, water_boxes_lemuel
D:12:     layout_roguey, orc_0_dummy
D:13:     wad_woods_minihive, layout_stronghold, minivault_12
D:14:     layout_irregular_city, david_vaults_4, minmay_orc_keep
D:15:     hangedman_depths_entry_try_elsewhere_first, layout_rooms,
          serial_shops, shop, nicolae_square_shop, gauntlet_entry_generic,
          portal_ice_cave_entry_horrid_things
Temple:   nicolae_temple_ecumenical_triangle
Lair:1:   layout_misc_corridors, grunt_megastairs_5, uniq_gastronok
Lair:2:   layout_chaotic_city, nicolae_spider_entry_tight_spaces
Lair:3:   layout_cave_shapes, palyth_hydra_swamp_entry,
          dreamdust_gnoll_shepherd, uniq_fannar
Lair:4:   layout_misc_corridors, slime_entry_1, lemuel_fruit_tree,
          lemuel_fruit_fields, infiniplex_staircase_pool_2
Lair:5:   due_jungle_book, layout_long_grid, special_room
          [special_room_mythical_zoo], uniq_urug, uniq_snorg
Swamp:1:  layout_falls_marsh, evilmike_swamp_ruin_rubble_2
Swamp:2:  layout_basic_swamp, evilmike_swamp_ruin_house_1, uniq_nikola
Swamp:3:  layout_basic_swamp, nicolae_swamp_bean_lake,
          infiniplex_staircase_pool, uniq_donald
Swamp:4:  swamp_alternative, layout_basic_swamp, uniq_roxanne
Spider:1: layout_chambers, drop_trap, nicolae_spider_acid_house
Spider:2: layout_spider_delve, nicolae_spider_baby_got_redback
Spider:3: layout_spider_delve, uniq_arachne, uniq_mlioglotl
Spider:4: spider_rune_water
Orc:1:    layout_caves, nicolae_orc_lava_tube, uniq_nergalle, uniq_erolcha
Orc:2:    st_orc_town, layout_caves, serial_shops, shop
Elf:1:    nicolae_elf_arrival_dilemma, layout_geoelf_octagon, minivault_28,
          grunt_megastairs_2
Elf:2:    nicolae_elf_blades_crystal_corner, layout_gridlike, enter_trove_3
Elf:3:    minmay_elf_hall_x, layout_geoelf_castle
Vaults:1: portal_desolation_entry_twin_temple, v_misc_10, v_misc_14, v_misc_28,
          vaults_room_pools, v_misc_19, vaults_dpeg_encased_lava,
          nicolae_vaults_windows_and_doors_thing, ontoclasm_vaults_eye,
          grunt_vaults_hallway_long, v_misc_8, v_rooms_3,
          ontoclasm_vaults_fault, nicolae_vaults_asterisk,
          layout_vaults_maze_bifur, uniq_asterion
Vaults:2: v_misc_17, v_misc_11, nicolae_vaults_network_star, v_alt_pattern_4,
          hangedman_vaults_cutoff, st_quartered_hall, v_alt_pattern_1,
          vaults_mumra_minichess, hangedman_vaults_trim, vaults_room_semicircle,
          vaults_room_door_ring, layout_vaults_quadrants, uniq_aizul
Vaults:3: minmay_crypt_entry_necro_gods, nicolae_vaults_mini_display_case,
          vaults_room_hangedman_quadrants, v_misc_30, ontoclasm_vaults_pinch,
          vaults_standard_mumra_lines, v_pattern_2, hangedman_vaults_slice,
          hangedman_vaults_stitches, vaults_room_ringed_pool,
          ontoclasm_vaults_tryst, ontoclasm_vaults_loading_screen,
          layout_vaults_big_room
Vaults:4: hangedman_vaults_variations, ontoclasm_vaults_ring_square,
          vaults_room_semicircle, hangedman_vaults_locks, v_misc_23,
          ontoclasm_vaults_ring_large, nicolae_vaults_disjoint_gnomons,
          nicolae_vaults_triangles, vaults_room_corners,
          hangedman_vaults_impose, v_rooms_6, nicolae_vaults_little_squares_4,
          ontoclasm_vaults_gateway, layout_vaults_omnibox, uniq_boris,
          uniq_zenata
Vaults:5: uniq_bai_suzhen, uniq_margery
Depths:1: layout_cross, enter_ziggurat_c, rand_demon_pan_entry_3, hell_entry,
          nicolae_uskayaw_murder_on_the_dancefloor, horrible_house_mu
Depths:2: minmay_connected_triangles_in_corner, layout_cave_pools,
          tso_metal_star, rand_demon_pan_entry_9, hell_entry,
          infiniplex_staircase_diamond
Depths:3: gammafunk_sealed_library, layout_basic, kennysheep_doodads,
          hangedman_abyss_entry_splay, hell_entry, minmay_gold_behind_fungi,
          grunt_qazlal_clouds, infiniplex_staircase_pillars_1, uniq_jory,
          uniq_grunn
Depths:4: grunt_zot_entry_gee_three, layout_cave_pools, abyss_entry, hell_entry,
          minmay_multi_spiral
Zot:1:    layout_cathedral_of_symmetry, grunt_megastairs_1, uniq_parghit
Zot:2:    hangedman_zot_vaults_quadrants, layout_onion_interference,
          kennysheep_underground_church
Zot:3:    layout_onion_interference, grunt_ministairs_11, zot_minivault_5,
          uniq_tiamat

Skill      XL: |  1  2  3  4  5  6  7  8  9 10 11 12 13 14 15 16 17 18 19 20 21 22 23 24 25 26 |
---------------+-------------------------------------------------------------------------------+-----
Unarmed Combat | 4 5 7 8 10 12 13 15 17 19 21 22 24 25 26 27 | 27.0
Armour         | 1 4 7 8 10 11 12 13 14 15 16 17 19 21 22 23 24 26 | 26.1
Fighting       | 3 5 9 10 12 14 15 16 17 18 19 20 22 23 24 26 27 | 27.0
Dodging        | 4 8 11 13 15 16 18 | 18.0
Throwing       | |  1.7

Action                     |  1- 3 |  4- 6 |  7- 9 | 10-12 | 13-15 | 16-18 | 19-21 | 22-24 | 25-27 || total
---------------------------+-------+-------+-------+-------+-------+-------+-------+-------+-------++-------
  Melee: Unarmed           |    93 |   169 |   362 |   352 |   775 |  1574 |  1452 |  1411 |   978 ||  7166
         Punch             |     2 |     2 |    12 |    30 |   114 |   256 |   292 |   322 |   260 ||  1290
  Throw: Dart              |       |       |       |       |       |    52 |       |       |       ||    52
         Javelin           |       |       |       |       |       |    12 |       |       |       ||    12
         Boomerang         |       |       |       |       |       |    10 |       |       |       ||    10
         Throwing net      |       |       |       |       |       |     3 |       |       |       ||     3
 Invoke: Potion Petition   |       |       |       |       |       |       |     2 |       |     1 ||     3
         Call Merchant     |       |       |       |       |       |       |       |     5 |       ||     5
         Bribe Branch      |       |       |       |       |       |       |       |     1 |       ||     1
  Evoke: Wand              |       |       |       |       |       |       |       |     1 |       ||     1
    Use: Scroll            |       |    10 |     8 |     6 |    10 |     4 |     6 |     6 |     4 ||    54
         Potion            |       |       |     3 |     2 |     2 |     3 |       |     5 |     3 ||    18
   Stab: Distracted        |       |       |     1 |     3 |     3 |    14 |    12 |     8 |    13 ||    54
         Invisible         |       |       |       |       |       |       |       |     2 |       ||     2
 Armour: Leather armour    |    11 |       |       |       |       |       |       |       |       ||    11
         Scale mail        |    22 |    65 |    37 |       |       |       |       |       |       ||   124
         Plate armour      |       |       |   101 |       |       |       |       |       |       ||   101
         Gold dragon scale |       |       |       |   183 |   612 |   985 |   653 |   597 |   431 ||  3461
  Dodge: Dodged            |    58 |    73 |   118 |   120 |   288 |  1083 |   741 |   756 |   679 ||  3916

Table legend: (Time is in decaauts)
 A = Elapsed time spent in this place.
 B = Non-inter-level travel time spent in this place.
 C = Inter-level travel time spent in this place.
 D = Time resting spent in this place.
 E = Time spent auto-exploring this place.
 F = Levels seen in this place.
 G = Mean time per level.
                   A        B        C        D        E       F      G
               +--------+--------+--------+--------+--------+-----+--------+
         Total |  54532 |  49745 |   4787 |   9404 |  29223 |  51 | 1069.3 |
       Dungeon |  14934 |  13027 |   1907 |   1601 |   8843 |  15 |  995.6 |
        Temple |     82 |     77 |      5 |      0 |     18 |   1 |   82.0 |
          Lair |   4854 |   4426 |    428 |    466 |   2905 |   5 |  970.8 |
         Swamp |   3197 |   3076 |    121 |    808 |   1621 |   4 |  799.2 |
   Spider Nest |   4835 |   4686 |    149 |    860 |   2813 |   4 | 1208.8 |
  Orcish Mines |   2104 |   1545 |    559 |     56 |    961 |   2 | 1052.0 |
   Elven Halls |   5124 |   4637 |    487 |   1599 |   2058 |   3 | 1708.0 |
        Vaults |   7279 |   6637 |    642 |    563 |   4589 |   5 | 1455.8 |
        Depths |   4960 |   4561 |    399 |   1350 |   2273 |   4 | 1240.0 |
           Zot |   3708 |   3622 |     86 |   1238 |   1533 |   3 | 1236.0 |
         Trove |     29 |     29 |      0 |      0 |     22 |   1 |   29.0 |
         Sewer |    658 |    658 |      0 |     27 |    378 |   1 |  658.0 |
        Bailey |   1046 |   1046 |      0 |    309 |    467 |   1 | 1046.0 |
      Ice Cave |    668 |    668 |      0 |    211 |    237 |   1 |  668.0 |
    Desolation |   1047 |   1047 |      0 |    314 |    503 |   1 | 1047.0 |
               +--------+--------+--------+--------+--------+-----+--------+

Top non-repeatable levels by time:
   Elf:3: 2152 daAuts
   Zot:1: 1966 daAuts
Vaults:5: 1756 daAuts
   Elf:1: 1703 daAuts
Depths:4: 1617 daAuts
Depths:3: 1589 daAuts
Spider:1: 1576 daAuts
Vaults:3: 1549 daAuts
Vaults:2: 1502 daAuts
  Lair:5: 1501 daAuts
     D:8: 1455 daAuts
Spider:4: 1415 daAuts
Vaults:4: 1387 daAuts
   Orc:2: 1362 daAuts
   Elf:2: 1268 daAuts
